[Event "8th RTU Open 2018"]
[Site "Riga"]
[Date "2018.08.09"]
[Round "5"]
[White "Stocek, Jiri"]
[Black "Jackson, James P"]
[Result "1-0"]
[ECO "A16"]
[WhiteElo "2582"]
[BlackElo "2380"]
[Annotator "ChessBase"]
[PlyCount "85"]
[EventDate "2018.08.06"]
[EventType "swiss"]
[EventCountry "LAT"]
[SourceTitle "playchess.com"]
[Source "ChessBase"]
[SourceQuality "1"]
[TimeControl "5400+30"]

1. c4 Nf6 2. Nc3 c5 3. Nf3 e6 4. e3 d5 5. d4 cxd4 6. exd4 Bb4 7. Bd3 dxc4 8. Bxc4 O-O 9. O-O Bxc3 10. bxc3 b6 11. Re1 Qc7 12. Bb3 Bb7 13. c4 Nbd7 14. h3 Rfe8 15. Bb2 Rad8 16. Re3 a6 17. Rc1 Qb8 18. a4 b5 19. axb5 axb5 20. c5 Rc8 21. Ne5 Nxe5 22. dxe5 Nd5 23. Rg3 Ne7 24. Qg4 Nf5 25. Rd3 Bc6 26. Rcd1 Qa7 27. Rc3 Qe7 28. Bc2 b4 29. Rc4 Bd5 30. Rxd5 exd5 31. Qxf5 g6 32. Rg4 Qxc5 33. Ba4 Re7 34. Qg5 d4 35. Rxd4 Rxe5 36. Rd8+ Rxd8 37. Qxd8+ Kg7 38. Bd4 Qc1+ 39. Kh2 Qf4+ 40. g3 Qe4 41. Bc2 Qe2 42. Bd3 Qe1 43. Qc7 1-0

[Event "8th RTU Open 2018"]
[Site "Riga"]
[Date "2018.08.09"]
[Round "5"]
[White "Petrosyan, Manuel"]
[Black "Thybo, Jesper Sondergaard"]
[Result "1-0"]
[ECO "A48"]
[WhiteElo "2567"]
[BlackElo "2496"]
[Annotator "ChessBase"]
[PlyCount "89"]
[EventDate "2018.08.06"]
[EventType "swiss"]
[EventCountry "LAT"]
[SourceTitle "playchess.com"]
[Source "ChessBase"]
[SourceQuality "1"]
[TimeControl "5400+30"]

1. d4 Nf6 2. Nf3 g6 3. Nbd2 Bg7 4. e4 d6 5. Bd3 O-O 6. O-O c5 7. c3 cxd4 8. cxd4 Nc6 9. a3 Nd7 10. Nb3 e5 11. d5 Ne7 12. Nbd2 f5 13. b4 Nf6 14. Bb2 Kh8 15. Qb3 Bh6 16. h3 b6 17. Rad1 Bb7 18. Rfe1 Qd7 19. Nc4 fxe4 20. Bxe4 Bg7 21. Bxe5 dxe5 22. Nfxe5 Qd8 23. Nc6 Bxc6 24. dxc6 Qc7 25. Nd6 Neg8 26. Bf3 a6 27. b5 a5 28. Qe3 Nh6 29. Qe7 Ra7 30. Nb7 Qxe7 31. Rxe7 Nf5 32. Re6 Ne8 33. Re4 a4 34. Be2 Ra8 35. g4 Nf6 36. Re6 Nh4 37. c7 Rac8 38. Re7 Ng8 39. Red7 Be5 40. Nd6 Bxd6 41. R1xd6 Nf3+ 42. Bxf3 Rxf3 43. Rxb6 Rff8 44. g5 Rfe8 45. Rbd6 1-0

[Event "8th RTU Open 2018"]
[Site "Riga"]
[Date "2018.08.09"]
[Round "5"]
[White "Ter Sahakyan, Samvel"]
[Black "Ruiz Castillo, Joshua Daniel"]
[Result "1-0"]
[ECO "C19"]
[WhiteElo "2551"]
[BlackElo "2415"]
[Annotator "ChessBase"]
[PlyCount "167"]
[EventDate "2018.08.06"]
[EventType "swiss"]
[EventCountry "LAT"]
[SourceTitle "playchess.com"]
[Source "ChessBase"]
[SourceQuality "1"]
[TimeControl "5400+30"]

1. e4 e6 2. d4 d5 3. Nc3 Bb4 4. e5 c5 5. a3 Bxc3+ 6. bxc3 Ne7 7. a4 Qa5 8. Bd2 c4 9. Qg4 O-O 10. Nh3 Nbc6 11. Nf4 f6 12. Nh5 Ng6 13. exf6 gxf6 14. Qd1 Qc7 15. Be2 Bd7 16. O-O Kh8 17. Bg4 Rf7 18. Qe2 e5 19. Bxd7 Qxd7 20. dxe5 fxe5 21. f4 exf4 22. Nxf4 Nxf4 23. Rxf4 Rxf4 24. Bxf4 Qf5 25. Rf1 Qe4 26. Qxe4 dxe4 27. Kf2 Kg7 28. Ke3 Rd8 29. Rb1 b6 30. Kxe4 Kg6 31. Rb5 Rd1 32. Rd5 Re1+ 33. Kf3 Rf1+ 34. Kg4 Ne7 35. Rd6+ Kf7 36. Bg5 Nf5 37. Rc6 Ng7 38. Rxc4 Ne6 39. Be3 Ra1 40. Kf3 Ra2 41. g4 Rxc2 42. h4 Rh2 43. h5 Kf6 44. Rc6 Ke5 45. a5 Rh3+ 46. Kf2 Nf4 47. axb6 axb6 48. Bxb6 Rh2+ 49. Kg3 Rh3+ 50. Kf2 Rh2+ 51. Ke1 Rg2 52. Bc7+ Kd5 53. Rd6+ Kc5 54. Kf1 Rxg4 55. Rd4 Nd5 56. Rxg4 Ne3+ 57. Ke2 Nxg4 58. Kd3 Nf6 59. Be5 Ng4 60. Bd4+ Kd5 61. c4+ Ke6 62. Ke4 Nh6 63. Be5 Nf7 64. Bf4 Nd8 65. c5 Nc6 66. Bd6 Nb4 67. Kf4 Kf6 68. Be5+ Ke6 69. Bd4 Nc6 70. Bf2 Ne5 71. Be3 Nd3+ 72. Ke4 Ne5 73. Bd4 Nc6 74. Bb2 Ne7 75. Kf4 Kd5 76. Kg5 Ng8 77. Ba3 Kc6 78. Kf5 Kd5 79. Bb4 Nh6+ 80. Kf6 Ng4+ 81. Kg5 Ne5 82. Kh6 Nd3 83. Kxh7 Nxb4 84. h6 1-0

[Event "8th RTU Open 2018"]
[Site "Riga"]
[Date "2018.08.09"]
[Round "5"]
[White "Meskovs, Nikita"]
[Black "Sinz, Bernhard"]
[Result "1-0"]
[ECO "A29"]
[WhiteElo "2524"]
[BlackElo "2377"]
[Annotator "ChessBase"]
[PlyCount "85"]
[EventDate "2018.08.06"]
[EventType "swiss"]
[EventCountry "LAT"]
[SourceTitle "playchess.com"]
[Source "ChessBase"]
[SourceQuality "1"]
[TimeControl "5400+30"]

1. c4 e5 2. Nc3 Nf6 3. Nf3 Nc6 4. g3 Bb4 5. Bg2 O-O 6. O-O e4 7. Ng5 Bxc3 8. bxc3 Re8 9. f3 e3 10. dxe3 b6 11. Qa4 Qe7 12. Nh3 Na5 13. Nf4 Bb7 14. Nd3 c5 15. Nb2 Qe6 16. e4 h6 17. Rd1 Bc6 18. Qc2 Nxc4 19. Nxc4 Qxc4 20. Rd6 Re6 21. Bf4 Nh5 22. Qd3 Qxd3 23. Rxd3 g5 24. Be3 Bb5 25. Rd2 Nf6 26. a4 Bc4 27. a5 Rae8 28. h4 gxh4 29. Bh3 Rc6 30. axb6 axb6 31. gxh4 d5 32. Kh1 dxe4 33. Rg1+ Kh8 34. Bxh6 Nh5 35. Bd7 Rxh6 36. Bxe8 e3 37. Rd8 Kh7 38. Ba4 f5 39. Bc2 Be6 40. Re8 Nf4 41. Rg4 Bd7 42. Re7+ Kh8 43. Rxf4 1-0

[Event "8th RTU Open 2018"]
[Site "Riga"]
[Date "2018.08.09"]
[Round "5"]
[White "Anurag, Mhamal"]
[Black "Mishuchkov, Nikolai Mikhailovic"]
[Result "1/2-1/2"]
[ECO "B41"]
[WhiteElo "2484"]
[BlackElo "2307"]
[Annotator "ChessBase"]
[PlyCount "102"]
[EventDate "2018.08.06"]
[EventType "swiss"]
[EventCountry "LAT"]
[SourceTitle "playchess.com"]
[Source "ChessBase"]
[SourceQuality "1"]
[TimeControl "5400+30"]

1. e4 c5 2. Nf3 e6 3. d4 cxd4 4. Nxd4 a6 5. c4 Nf6 6. Nc3 Qc7 7. a3 b6 8. Be3 Bb7 9. f3 d6 10. Be2 Nbd7 11. O-O Be7 12. Rc1 O-O 13. Qe1 Rac8 14. Qf2 Qb8 15. Rfd1 Rfe8 16. g4 Ne5 17. g5 Nfd7 18. Qf1 Nc6 19. Nb3 Bd8 20. Nd2 Bc7 21. Qf2 Rcd8 22. Nf1 Ne7 23. b4 d5 24. cxd5 exd5 25. Nxd5 Nxd5 26. exd5 Bf4 27. Bxf4 Qxf4 28. Qg3 Qe5 29. Rd2 Nf8 30. Rc7 Qxg3+ 31. Nxg3 Bxd5 32. Nf5 Ng6 33. Bxa6 Bxf3 34. Rxd8 Rxd8 35. Bc4 Ne5 36. Bb3 Bd1 37. Bxd1 Rxd1+ 38. Kf2 h6 39. gxh6 gxh6 40. Re7 Rd2+ 41. Kf1 Ng4 42. Re2 Nxh2+ 43. Ke1 Nf3+ 44. Kf2 Rxe2+ 45. Kxe2 Ne5 46. Nxh6+ Kg7 47. Nf5+ Kf6 48. Nd4 Nc4 49. a4 Ke5 50. Nb3 Kd5 51. a5 bxa5 1/2-1/2

[Event "8th RTU Open 2018"]
[Site "Riga"]
[Date "2018.08.09"]
[Round "5"]
[White "Gretarsson, Helgi Ass"]
[Black "Dordzhieva, Dinara"]
[Result "0-1"]
[ECO "D43"]
[WhiteElo "2480"]
[BlackElo "2314"]
[Annotator "RC"]
[PlyCount "70"]
[EventDate "2018.08.06"]
[EventType "swiss"]
[EventCountry "LAT"]
[SourceTitle "playchess.com"]
[Source "ChessBase"]
[SourceQuality "1"]
[TimeControl "5400+30"]

1. d4 d5 2. c4 e6 3. Nf3 Nf6 4. Nc3 c6 5. Qb3 Nbd7 6. g3 Nb6 7. e3 Nxc4 8. Bxc4 dxc4 9. Qxc4 Be7 10. e4 b5 11. Qe2 b4 12. Na4 a5 13. Qc2 O-O 14. Bg5 Ba6 15. O-O-O Bb5 16. Rhe1 h6 17. Bxf6 Bxf6 18. Nc5 Qc7 19. h4 Rfd8 20. Kb1 Be7 21. Qc1 Qa7 22. Qe3 a4 23. Rc1 h5 24. Ne5 f6 25. Ng6 Bxc5 26. Rxc5 a3 27. b3 Qf7 28. Nf4 e5 29. dxe5 fxe5 30. Rxe5 Qf6 31. Qc5 Rd2 32. Nxh5 Qf3 33. Nf4 Bd3+ 34. Kc1 Rc2+ 35. Qxc2 Bxc2 0-1

[Event "8th RTU Open 2018"]
[Site "Riga"]
[Date "2018.08.09"]
[Round "5"]
[White "Laurusas, Tomas"]
[Black "Hovhannisyan, Robert"]
[Result "0-1"]
[ECO "D43"]
[WhiteElo "2463"]
[BlackElo "2608"]
[Annotator "ChessBase"]
[PlyCount "98"]
[EventDate "2018.08.06"]
[EventType "swiss"]
[EventCountry "LAT"]
[SourceTitle "playchess.com"]
[Source "ChessBase"]
[SourceQuality "1"]
[TimeControl "5400+30"]

1. d4 d5 2. c4 c6 3. Nf3 Nf6 4. Nc3 e6 5. cxd5 exd5 6. Qc2 Be6 7. Bf4 Bd6 8. Bxd6 Qxd6 9. e3 Nbd7 10. Bd3 O-O 11. h3 g6 12. O-O Qe7 13. Rfe1 Nb6 14. Rac1 Nc8 15. a3 Nd6 16. Ne5 Nd7 17. Nxd7 Qxd7 18. Na4 Bf5 19. Nc5 Qe7 20. a4 Bxd3 21. Nxd3 Rae8 22. Qc5 a6 23. Qb4 f6 24. Rc2 Rf7 25. Rce2 Qd8 26. Nc5 Rfe7 27. Rc1 h5 28. b3 h4 29. a5 g5 30. Rec2 Qb8 31. Nd3 Rg7 32. Nc5 Kh8 33. Nxa6 bxa6 34. Qxb8 Rxb8 35. Rxc6 Rd7 36. Rxa6 Rxb3 37. Ra8+ Kg7 38. a6 Ra3 39. Rb1 Nf7 40. Kh2 Rd6 41. g3 Raxa6 42. Rxa6 Rxa6 43. gxh4 gxh4 44. Rg1+ Kh6 45. Rg4 Kh5 46. Rg7 Ng5 47. Kg2 Kh6 48. Rd7 Ra5 49. Rb7 Ra2 0-1

[Event "8th RTU Open 2018"]
[Site "Riga"]
[Date "2018.08.09"]
[Round "5"]
[White "Gorodetzky, David"]
[Black "Pulkkinen, Kari"]
[Result "1/2-1/2"]
[ECO "A48"]
[WhiteElo "2451"]
[BlackElo "2242"]
[Annotator "ChessBase"]
[PlyCount "52"]
[EventDate "2018.08.06"]
[EventType "swiss"]
[EventCountry "LAT"]
[SourceTitle "playchess.com"]
[Source "ChessBase"]
[SourceQuality "1"]
[TimeControl "5400+30"]

1. d4 Nf6 2. Nf3 g6 3. b3 Bg7 4. Bb2 O-O 5. e3 c5 6. Bd3 cxd4 7. exd4 d6 8. O-O Nc6 9. Re1 Nb4 10. Bf1 Bf5 11. Na3 a5 12. c3 Nbd5 13. Bd3 Bxd3 14. Qxd3 Qd7 15. Qb5 Qc7 16. Qf1 Rfc8 17. c4 Nb4 18. d5 Re8 19. Bc3 Qc5 20. Bd4 Qc8 21. Qe2 e6 22. dxe6 Rxe6 23. Qf1 d5 24. Red1 dxc4 25. Nxc4 Qe8 26. Ng5 Re7 1/2-1/2

[Event "8th RTU Open 2018"]
[Site "Riga"]
[Date "2018.08.09"]
[Round "5"]
[White "Carlsson, Pontus"]
[Black "Schroeder, Jan Christian"]
[Result "1-0"]
[ECO "C60"]
[WhiteElo "2442"]
[BlackElo "2573"]
[Annotator "ChessBase"]
[PlyCount "79"]
[EventDate "2018.08.06"]
[EventType "swiss"]
[EventCountry "LAT"]
[SourceTitle "playchess.com"]
[Source "ChessBase"]
[SourceQuality "1"]
[TimeControl "5400+30"]

1. e4 e5 2. Nf3 Nc6 3. Bb5 g6 4. O-O Bg7 5. c3 a6 6. Ba4 b5 7. Bb3 Na5 8. Bc2 c5 9. d4 cxd4 10. cxd4 exd4 11. e5 Bb7 12. Nbd2 d5 13. exd6 Qxd6 14. Ne4 Bxe4 15. Bxe4 Ra7 16. Qe1 Nc4 17. a4 Ne7 18. axb5 O-O 19. Rxa6 Rxa6 20. bxa6 Nd5 21. Qe2 Qc5 22. Bd3 Nd6 23. Bd2 Re8 24. Qd1 Ne3 25. Qc1 Qb6 26. fxe3 dxe3 27. Bc3 e2+ 28. Rf2 Re3 29. Ne1 Bxc3 30. Qxc3 Re6 31. g3 Qa7 32. Kg2 Qa8+ 33. Rf3 Re3 34. Qd2 Re6 35. Kg1 Qa7+ 36. Kg2 Qa8 37. Qf4 Qd5 38. a7 Qa5 39. Re3 Qd5+ 40. Qf3 1-0

[Event "8th RTU Open 2018"]
[Site "Riga"]
[Date "2018.08.09"]
[Round "5"]
[White "Pechac, Jergus"]
[Black "Praggnanandhaa, R."]
[Result "1-0"]
[ECO "A20"]
[WhiteElo "2431"]
[BlackElo "2532"]
[Annotator "ChessBase"]
[PlyCount "85"]
[EventDate "2018.08.06"]
[EventType "swiss"]
[EventCountry "LAT"]
[SourceTitle "playchess.com"]
[Source "ChessBase"]
[SourceQuality "1"]
[TimeControl "5400+30"]

1. c4 e5 2. g3 h5 3. Nf3 e4 4. Nd4 Nc6 5. Nxc6 dxc6 6. Nc3 Nf6 7. Qc2 Qd4 8. b3 Bf5 9. Bb2 Qd7 10. e3 h4 11. Bg2 O-O-O 12. O-O-O h3 13. Bxe4 Nxe4 14. Nxe4 Bg4 15. d4 Bxd1 16. Rxd1 Qg4 17. Rf1 f5 18. f3 Qh5 19. Nc3 Re8 20. Qd3 Qf7 21. Kc2 g6 22. e4 fxe4 23. fxe4 Qd7 24. e5 Bg7 25. Qxg6 Rhf8 26. Rf4 c5 27. Ne4 Rxf4 28. gxf4 cxd4 29. Nc5 Qc6 30. Qxc6 bxc6 31. Bxd4 Bh6 32. f5 Bf4 33. f6 Bxh2 34. f7 Rf8 35. e6 Bd6 36. Ne4 Be7 37. Be5 Kd8 38. Nf2 h2 39. Bxh2 Rh8 40. Ng4 Bd6 41. Be5 Rf8 42. Bf6+ Kc8 43. Nh6 1-0

[Event "8th RTU Open 2018"]
[Site "Riga"]
[Date "2018.08.09"]
[Round "5"]
[White "Fenil, Shah"]
[Black "Chukavin, Kirill"]
[Result "0-1"]
[ECO "B26"]
[WhiteElo "2412"]
[BlackElo "2291"]
[Annotator "NA"]
[PlyCount "130"]
[EventDate "2018.08.06"]
[EventType "swiss"]
[EventCountry "LAT"]
[SourceTitle "playchess.com"]
[Source "ChessBase"]
[SourceQuality "1"]
[TimeControl "5400+30"]

1. e4 c5 2. Nc3 Nc6 3. g3 g6 4. Bg2 Bg7 5. d3 d6 6. Be3 Rb8 7. Qd2 b5 8. Nge2 Nd4 9. O-O e6 10. Nd1 Ne7 11. Nc1 e5 12. c3 Ne6 13. Bh6 O-O 14. Bxg7 Kxg7 15. Ne2 d5 16. exd5 Nxd5 17. Ne3 $11 Nxe3 18. Qxe3 Qd6 19. f4 exf4 20. Nxf4 Nxf4 21. Rxf4 Bf5 22. d4 Rfe8 23. dxc5 Rxe3 24. cxd6 Rd3 25. Rd4 Rxd4 26. cxd4 Rd8 27. Rc1 Rxd6 28. d5 Kf6 29. Rc5 a6 30. Rc7 Bb1 31. a3 Ba2 32. b4 Bxd5 33. Bxd5 Rxd5 34. Rc6+ Kg5 35. Rxa6 Kg4 36. Rf6 Rf5 37. Rd6 Kh3 38. Rd4 g5 39. Rd8 g4 40. Rh8 h5 41. Rh7 Rd5 42. Rxf7 Rd1+ 43. Kf2 Rd2+ 44. Ke3 Rxh2 45. Rf5 Kxg3 46. Rxb5 h4 47. a4 h3 48. a5 Rb2 49. Kd3 h2 50. Kc3 Rxb4 51. Kxb4 h1=Q 52. a6 Qa8 53. Ka5 Kh3 54. Rb7 g3 55. Rh7+ Kg4 56. a7 g2 57. Rg7+ Kf5 58. Kb6 Kf6 59. Rg3 Qd8+ 60. Kc6 Qe8+ 61. Kb6 Qe6+ 62. Kb7 Qd7+ 63. Kb6 Qd6+ 64. Kb5 Qxg3 65. a8=Q Qb3+ 0-1

[Event "8th RTU Open 2018"]
[Site "Riga"]
[Date "2018.08.09"]
[Round "5"]
[White "Seeman, Tarvo"]
[Black "Modler, Andreas"]
[Result "1/2-1/2"]
[ECO "B40"]
[WhiteElo "2405"]
[BlackElo "2278"]
[Annotator "NA"]
[PlyCount "101"]
[EventDate "2018.08.06"]
[EventType "swiss"]
[EventCountry "LAT"]
[SourceTitle "playchess.com"]
[Source "ChessBase"]
[SourceQuality "1"]
[TimeControl "5400+30"]

1. Nf3 c5 2. e4 e6 3. g3 Nc6 4. Bg2 Nf6 5. Qe2 {[%emt 0:02:07] B40: Sizilianisch (Klassisches System mit e7-e6)} (5. d3 d5 6. Nbd2 Be7 7. O-O O-O 8. Re1 b5 9. e5 Nd7 10. Nf1 Bb7 11. h4 Qc7 12. Bf4 Rfc8 13. Ne3 Qd8 14. Ng4 Bf8 15. Bg5 Qe8 16. c3 h6 17. Bf4 a5 18. Qd2 b4 19. c4 Ne7 20. h5 {1-0 (59) Kuzubov,Y (2699)-Grischuk,A (2772) Riadh 2017}) 5... e5 6. O-O Be7 7. c3 O-O 8. Na3 Re8 9. d3 h6 10. Nc4 Bf8 11. a4 d6 12. Ne3 g6 13. h3 $146 Bg7 14. Nh2 Rb8 15. Nhg4 Nxg4 16. hxg4 a6 17. Bf3 b5 18. axb5 axb5 19. Kg2 Bb7 $14 20. Rh1 Ne7 21. Nc2 g5 22. Ne3 d5 23. exd5 Nxd5 24. Ra7 Bc6 25. Be4 Re7 26. Rxe7 Nxe3+ 27. Qxe3 Bxe4+ 28. Qxe4 Qxe7 29. Be3 c4 30. dxc4 bxc4 31. Ra1 Qe6 32. Ra4 Rc8 33. Rb4 Rc6 34. Rb5 Rc8 35. Rb6 Qd7 36. Rb7 Qe6 37. f3 Rc6 38. Kf2 Rc8 39. Ke2 Qa6 40. Qd5 Qg6 41. Qe4 Qe6 42. Qf5 Qe8 43. Qd7 Qxd7 44. Rxd7 Bf8 45. Rb7 Kg7 46. Ba7 Bc5 47. Bxc5 Rxc5 48. Ke3 Kg6 49. Ke4 f6 50. Rd7 Rb5 51. Rd2 1/2-1/2

[Event "8th RTU Open 2018"]
[Site "Riga"]
[Date "2018.08.09"]
[Round "5"]
[White "Miedema, David"]
[Black "Thogersen, Rasmus"]
[Result "1/2-1/2"]
[ECO "A04"]
[WhiteElo "2397"]
[BlackElo "2275"]
[Annotator "NA"]
[PlyCount "170"]
[EventDate "2018.08.06"]
[EventType "swiss"]
[EventCountry "LAT"]
[SourceTitle "playchess.com"]
[Source "ChessBase"]
[SourceQuality "1"]
[TimeControl "5400+30"]

1. Nf3 c5 2. g3 g6 3. Bg2 Bg7 4. O-O Nc6 5. d3 e5 6. Nbd2 Nge7 7. a3 O-O 8. Rb1 a5 9. c4 d5 10. cxd5 Nxd5 11. e3 h6 12. Qc2 b6 13. b3 Ba6 14. Bb2 e4 15. dxe4 ({Nicht} 15. Nxe4 Nxe3 16. fxe3 Bxd3 $17) 15... Bxf1 $11 16. Rxf1 Nc7 17. e5 Ne6 18. Nc4 Qc7 19. Nfd2 Rad8 20. f4 Ne7 21. a4 Rd7 22. Ne4 Rfd8 23. Ned6 Nc8 24. Nb5 Qb8 25. g4 Nc7 26. Bc6 Re7 27. Nbd6 Na6 28. Nxc8 Qxc8 29. Qg2 Nb4 30. Be4 Qc7 31. Bc3 Red7 32. Qe2 Kh7 33. h4 Nd5 34. Be1 Ne7 35. Bg3 f5 36. exf6 Bxf6 37. h5 Kg7 38. hxg6 Nd5 39. Qh2 Rh8 40. Bf5 Rdd8 41. Qc2 Rhe8 42. e4 Nb4 43. Qh2 Bc3 44. Bh4 Rd3 45. Qg2 Bd4+ 46. Kh1 Qc6 47. Nd2 Nc2 48. Nc4 Ne3 49. Nxe3 Rxe3 50. Rf3 c4 51. Rxe3 Bxe3 52. Qf3 c3 53. Qxe3 c2 54. Qc1 Rxe4 55. Kg1 Re2 56. Bf2 Qf3 57. Qb2+ Kg8 58. Be6+ Rxe6 59. Qxc2 Qxg4+ 60. Kf1 Qh3+ 61. Kg1 Qg4+ 62. Kf1 Qxg6 63. f5 Rc6 64. Qe4 Rc1+ 65. Ke2 Qh5+ 66. Ke3 Qh3+ 67. Kf4 Qh2+ 68. Kg4 Qd6 69. Bd4 Qc6 70. Qe2 Rc2 71. Qe5 Qg2+ 72. Kh5 Qe2+ 73. Qxe2 Rxe2 74. Kxh6 Kf7 75. Kg5 Rg2+ 76. Kf4 Rd2 77. Ke4 Rh2 78. Kd5 Rh5 79. Bxb6 Rxf5+ 80. Kc6 Ke6 81. Bc5 Rf4 82. Bb6 Rf5 83. Bc5 Rf3 84. b4 axb4 85. Bxb4 Rf4 1/2-1/2

[Event "8th RTU Open 2018"]
[Site "Riga"]
[Date "2018.08.09"]
[Round "5"]
[White "Akesson, Ralf"]
[Black "Gurvich, Vitaly"]
[Result "1/2-1/2"]
[ECO "A28"]
[WhiteElo "2389"]
[BlackElo "2272"]
[Annotator "NA"]
[PlyCount "113"]
[EventDate "2018.08.06"]
[EventType "swiss"]
[EventCountry "LAT"]
[SourceTitle "playchess.com"]
[Source "ChessBase"]
[SourceQuality "1"]
[TimeControl "5400+30"]

1. c4 e5 2. Nc3 Nf6 3. Nf3 Nc6 4. e3 Be7 5. d4 exd4 6. Nxd4 O-O 7. Be2 d5 8. Nxc6 bxc6 9. O-O Bd6 {[%emt 0:06:44] LiveBook: 13 Games} 10. b3 Be6 11. Bb2 a6 12. Rc1 dxc4 13. bxc4 Rb8 14. Ba1 $11 Bf5 15. Qa4 Nd7 16. Rfd1 Qe7 17. Qxc6 Rb6 18. Qf3 Bxh2+ 19. Kf1 Be6 20. Nd5 Bxd5 21. Qxd5 Rd6 22. Qf5 Be5 23. c5 Rxd1+ 24. Rxd1 Bxa1 25. Rxd7 Qh4 26. Kg1 c6 27. g4 g6 28. Qf4 Kg7 29. Bxa6 Bf6 30. Bc4 h5 31. Be6 hxg4 32. Qxg4 Qxg4+ 33. Bxg4 Be5 34. Be6 Bc3 35. Rb7 Kf6 36. Bb3 g5 37. Rc7 g4 38. Rxc6+ Kg5 39. Kg2 f5 40. Rc7 f4 41. exf4+ Rxf4 42. c6 Bd4 43. Rf7 Rxf7 44. Bxf7 Be5 45. a4 Bc7 46. Kf1 Kf6 47. Bh5 Kg5 48. Be8 Kf6 49. Bd7 Kg5 50. Ke2 Kf4 51. Kd3 Kf3 52. Kc4 Kxf2 53. Bxg4 Ke3 54. Kb5 Kd4 55. a5 Kd5 56. a6 Bb8 57. c7 1/2-1/2

[Event "8th RTU Open 2018"]
[Site "Riga"]
[Date "2018.08.09"]
[Round "5"]
[White "Hansen, Mads"]
[Black "Sorensen, Hampus"]
[Result "1/2-1/2"]
[ECO "A20"]
[WhiteElo "2387"]
[BlackElo "2267"]
[Annotator "NA"]
[PlyCount "129"]
[EventDate "2018.08.06"]
[EventType "swiss"]
[EventCountry "LAT"]
[SourceTitle "playchess.com"]
[Source "ChessBase"]
[SourceQuality "1"]
[TimeControl "5400+30"]

1. c4 e5 2. g3 Nf6 3. Bg2 d5 4. cxd5 Nxd5 5. Nc3 Nb6 6. Nf3 Nc6 7. O-O Be7 8. a3 O-O 9. b4 Be6 10. d3 Nd4 11. Nd2 c6 12. Rb1 Nd5 13. Bb2 a5 14. bxa5 Qxa5 15. Nxd5 cxd5 16. Bxd4 exd4 17. Rxb7 Qxa3 18. Qb3 $11 Qd6 19. Nf3 Bf6 20. Qb4 Qxb4 21. Rxb4 Rfb8 22. Rxb8+ Rxb8 23. Ra1 g5 24. h3 Rb2 25. Bf1 h5 26. Kh2 g4 27. hxg4 Bxg4 28. Kg2 Kg7 29. Ra4 Rb1 30. Nh2 Bd7 31. Ra7 Be6 32. f4 Bf5 33. Ra2 Be6 34. Kf2 Be7 35. Bg2 Bf6 36. Bf3 Kg6 37. Ra5 Bd8 38. Ra8 Bf6 39. Ra5 Bd8 40. Ra6 Rb6 41. Ra8 Bf6 42. Ra5 Rd6 43. Rb5 Rd7 44. Rb6 Rd8 45. Nf1 Rc8 46. Rb5 Rd8 47. Nd2 Rd7 48. Nb3 Rd8 49. Kg2 Rd7 50. Rb4 Be7 51. Rb6 Bf6 52. Nc5 Re7 53. Nb3 Rd7 54. Rb4 Be7 55. Rxd4 Rb7 56. Na5 Rb1 57. Ra4 Bc5 58. Nc6 Rg1+ 59. Kh2 Bf2 60. Bg2 Re1 61. Ne5+ Kg7 62. Bf3 Rg1 63. Bg2 Re1 64. Bf3 Rg1 65. Bg2 1/2-1/2

[Event "8th RTU Open 2018"]
[Site "Riga"]
[Date "2018.08.09"]
[Round "5"]
[White "Rostgaard, Tobias Valentin"]
[Black "Bluebaum, Karl Ernst"]
[Result "0-1"]
[ECO "D00"]
[WhiteElo "2386"]
[BlackElo "2253"]
[Annotator "NA"]
[PlyCount "114"]
[EventDate "2018.08.06"]
[EventType "swiss"]
[EventCountry "LAT"]
[SourceTitle "playchess.com"]
[Source "ChessBase"]
[SourceQuality "1"]
[TimeControl "5400+30"]

1. d4 d5 2. Bf4 c5 3. e3 Nc6 4. Nf3 Nf6 {[%emt 0:00:20] LiveBook: 1218 Games} 5. Nbd2 Qb6 6. dxc5 Qxb2 7. Rb1 Qc3 8. Bb5 e6 9. O-O Be7 10. e4 O-O 11. Bd6 {[%emt 0:07:17] [#]} Bxd6 $1 12. cxd6 dxe4 $17 13. Ng5 Qe5 14. Ndxe4 Nxe4 15. Nxe4 Qxe4 16. d7 Bxd7 17. Qxd7 Ne5 18. Qd1 Rad8 19. Qe1 Qxe1 20. Rfxe1 Nd7 21. Re3 Nc5 22. Rc3 b6 23. Ra3 a5 24. g3 Rd6 25. Kg2 g6 26. Be2 Rfd8 27. Bf3 Kg7 28. h4 f5 29. c4 Kf6 30. Re3 h6 31. Ree1 Na4 32. Rb3 Rc8 33. Rc1 Rd4 34. Be2 Rd2 35. Ra3 Nc5 36. Kf1 Rcd8 37. Rb1 R8d6 38. Bf3 Rc2 39. Be2 Rdd2 40. Re3 Rd6 41. a3 Ne4 42. Re1 Nd2+ 43. Kg2 Nxc4 44. Bxc4 Rxc4 45. Rb1 Rc5 46. Reb3 a4 47. Re3 b5 48. Rb2 Rdc6 49. Ree2 Rd6 50. Re3 e5 51. Rf3 e4 52. Re3 g5 53. hxg5+ hxg5 54. g4 Rd3 55. gxf5 Rxe3 56. fxe3 Rc3 57. Kf2 Rb3 0-1

[Event "8th RTU Open 2018"]
[Site "Riga"]
[Date "2018.08.09"]
[Round "5"]
[White "Saveliev, Alexei"]
[Black "Semjonovs, Ilja"]
[Result "0-1"]
[ECO "B92"]
[WhiteElo "2382"]
[BlackElo "2242"]
[Annotator "NA"]
[PlyCount "76"]
[EventDate "2018.08.06"]
[EventType "swiss"]
[EventCountry "LAT"]
[SourceTitle "playchess.com"]
[Source "ChessBase"]
[SourceQuality "1"]
[TimeControl "5400+30"]

1. e4 c5 2. Nf3 d6 3. d4 cxd4 4. Nxd4 Nf6 5. Nc3 a6 6. Be2 e5 7. Nb3 Be7 8. Be3 Be6 9. Nd5 Nxd5 10. exd5 Bf5 11. Qd2 Bg6 {[%emt 0:02:45] B92: Sicilian Najdorf: 6 Be2} 12. O-O Nd7 13. a4 O-O 14. a5 Rc8 15. Rac1 Re8 16. c4 {[%emt 0:05:10] [#]} h6 $146 ({Predecessor:} 16... f5 17. f4 Nf6 18. Qb4 Qd7 19. Rcd1 exf4 20. Bxf4 {½-½ (28) Hertel,P (2655)-Geist,H (2575) ICCF corr 2004}) 17. Rfd1 Bg5 18. Bxg5 hxg5 (18... Qxg5 $11 19. Qxg5 hxg5) 19. Bg4 $11 f5 20. Be2 Qf6 21. Qb4 Rc7 22. Qa3 Rec8 23. Nd2 Bf7 24. b4 e4 25. Nb3 Qe5 26. c5 Nf6 27. b5 axb5 28. cxd6 Rxc1 29. Nxc1 Rd8 30. Bxb5 Rxd6 31. Bc4 Bxd5 32. h3 Rd7 33. Qc5 Qe6 34. Bb5 Bc6 35. Be2 Rxd1+ 36. Bxd1 Kh7 37. Nb3 Qd5 38. Qc1 e3 0-1

[Event "8th RTU Open 2018"]
[Site "Riga"]
[Date "2018.08.09"]
[Round "5"]
[White "Hedman, Erik"]
[Black "Maiorov, Nikita"]
[Result "0-1"]
[ECO "E17"]
[WhiteElo "2370"]
[BlackElo "2504"]
[Annotator "ChessBase"]
[PlyCount "114"]
[EventDate "2018.08.06"]
[EventType "swiss"]
[EventCountry "LAT"]
[SourceTitle "playchess.com"]
[Source "ChessBase"]
[SourceQuality "1"]
[TimeControl "5400+30"]

1. d4 Nf6 2. c4 e6 3. Nf3 b6 4. g3 Bb7 5. Bg2 Be7 6. O-O O-O 7. d5 exd5 8. Nh4 c6 9. cxd5 Nxd5 10. Nf5 Nc7 11. Nc3 d5 12. e4 Nba6 13. exd5 cxd5 14. Re1 Re8 15. Qg4 g6 16. Nh6+ Kf8 17. Qf3 Bf6 18. Bg5 Kg7 19. Bxf6+ Qxf6 20. Qxf6+ Kxf6 21. Ng4+ Kg7 22. Rxe8 Rxe8 23. Rd1 d4 24. Rxd4 Re1+ 25. Bf1 Ne6 26. Rd1 Ng5 27. Rxe1 Nf3+ 28. Kg2 Nxe1+ 29. Kg1 Nf3+ 30. Kg2 Ne5+ 31. Kh3 Nf3 32. Kg2 Nc7 33. Ne3 f5 34. Be2 Nd4+ 35. Kf1 g5 36. Bd3 Kf6 37. h4 gxh4 38. gxh4 Ke5 39. Ne2 Nxe2 40. Kxe2 Ne6 41. Kd2 Be4 42. Be2 f4 43. Nc4+ Kd5 44. Kc3 Nd4 45. Bh5 Bg6 46. Bxg6 hxg6 47. Nd2 Ne2+ 48. Kc2 Ke5 49. Nf3+ Ke4 50. Ng5+ Kd5 51. Kd2 Nd4 52. Kd3 Nc6 53. a3 Ne5+ 54. Kc3 Ng4 55. Nh3 Ke4 56. Kd2 Kf3 57. Ke1 Ne5 0-1